AoeStats
← 南瓜太郎

Arabia

505986122Analyzed
1v1 RM · 19d ago on Sep 11, 2026· 48m 52s· 2 players
Game mode
Random Map
Map size
Tiny (2 player)
Population
200
Speed
Normal
Resources
Standard
Victory
Conquest
Starting age
Dark Age
Ending age
Imperial Age
RankedLock teamsTeams togetherTeam positionsShared explorationLock speedFull tech treeHidden civsTurbo modeCheats
Victory
Defeat
🇦🇷 Dravidians · Argentina
1103
+15
🇨🇳 Tatars · China
1083
-15
南瓜太郎
5:51 Loom
8:58 Feudal Age
9:47 Double-Bit Axe
20:31 Castle Age
19:01 Fletching
19:29 Bloodlines
20:05 Padded Archer Armor
21:07 Bodkin Arrow
21:13 Husbandry
22:16 Scale Barding Armor
35:32 Imperial Age
35:21 Forging
35:27 Leather Archer Armor
40:30 Elite Steppe Lancer
48:06 Chain Barding Armor
felix1997
6:34 Loom
6:41 Loom
9:17 Feudal Age
10:57 Double-Bit Axe
19:57 Castle Age
18:34 Gold Mining
18:39 Fletching
18:50 Padded Archer Armor
21:18 Bow Saw
22:32 Husbandry
22:50 Bodkin Arrow
25:15 Horse Collar
26:48 Heavy Plow
29:54 Wheelbarrow
30:10 Ballistics
31:05 Hand Cart
30:37 Town Watch
35:50 Imperial Age
34:25 Thumb Ring
34:34 Scale Barding Armor
34:39 Forging
33:53 Light Cavalry
35:57 Elite Elephant Archer
37:19 Bracer
38:22 Chemistry
38:44 Two-Man Saw
38:12 Leather Archer Armor
39:02 Chain Barding Armor
40:06 Stone Mining
44:08 Ring Archer Armor
44:00 Conscription
47:17 Iron Casting
47:16 Wootz Steel
Connection lost

Rejoining the realm…

Still unreachable

The connection could not be restored.

Session expired

The server has moved on; the page needs a fresh start.